 Dungeon Crawl Stone Soup version 0.26.0-57-g60708a5e39 (webtiles) character file.

Game seed: 17528639875254844335

924 swilekon the Sneak (level 8, -13/51 HPs)
             Began as an Octopode Air Elementalist on Feb 1, 2021.
             Mangled by Pikel
             ... wielding a +1 whip of electrocution
              (18 damage)
             ... on level 5 of the Dungeon.
             The game lasted 00:22:18 (6572 turns).

swilekon the Sneak (Octopode Air Elementalist)      Turns: 6572, Time: 00:22:19

Health: -13/51     AC:  1    Str: 13      XL:     8   Next: 10%
Magic:  3/15       EV: 14    Int: 19 (20) God:
Gold:   107        SH:  5    Dex: 12      Spells: 9/17 levels left

rFire    . . .     SeeInvis +   l - +0 dagger
rCold    . . .     Faith    .   (no shield)
rNeg     . . .     Spirit   .   (helmet restricted)
rPois    .         Reflect  +   n - amulet of reflection
rElec    .         Harm     .   e - ring of see invisible
rCorr    .         Rampage  .   j - ring of wizardry
Will     .....                  d - +6 ring of strength
Stlth    ++++......             (no ring)
HPRegen  0.17/turn              (no ring)
MPRegen  0.14/turn              (no ring)
                                (no ring)
                                (no ring)

@: no status effects
A: almost no armour, stealthy swim, amphibious, 8 rings, constrict 8, camouflage
1, gelatinous body 1
a: no special abilities


You were on level 5 of the Dungeon.
You visited 1 branch of the dungeon, and saw 5 of its levels.

You collected 107 gold pieces.

Inventory:

Hand Weapons
 l - a +0 dagger (weapon)
Jewellery
 a - an uncursed amulet of guardian spirit
 d - a +6 ring of strength (on tentacle)
 e - a ring of see invisible (left tentacle)
 j - a ring of wizardry (right tentacle)
 n - an amulet of reflection (around mantle)
 q - an uncursed amulet of regeneration
Scrolls
 f - 4 scrolls of teleportation
 g - 2 scrolls of remove curse
 i - a scroll of fog
 o - 6 scrolls of identify
 p - a scroll of enchant weapon {unknown}
Potions
 b - 3 potions of curing
 c - a potion of mutation {unknown}
 h - a potion of invisibility {unknown}


   Skills:
 + Level 2.6 Fighting
 + Level 4.0 Dodging
 + Level 5.4 Stealth
 * Level 5.0 Spellcasting
 - Level 1.0 Conjurations
 * Level 5.4 Air Magic


You had 9 spell levels left.
You knew the following spells:

 Your Spells              Type           Power        Failure   Level
a - Shock                 Conj/Air       68%          1%          1
b - Airstrike             Air            12%          5%          4
c - Static Discharge      Conj/Air       17%          4%          3

Your spell library contained the following spells:

 Spells                   Type           Power        Failure   Level
 Swiftness                Air            25%          1%          2
 Magic Dart               Conj           32%          3%          1
 Corona                   Hex            4%           4%          1
 Mephitic Cloud           Conj/Pois/Air  13%          6%          3
 Blink                    Tloc           N/A          8%          2
 Call Imp                 Summ           4%           8%          2
 Ensorcelled Hibernation  Hex/Ice        8%           8%          2
 Slow                     Hex            4%           8%          2
 Conjure Flame            Conj/Fire      6%           12%         3
 Dazzling Flash           Conj/Hex       12%          12%         3
 Confusing Touch          Hex            4%           16%         3
 Tukima's Dance           Hex            4%           16%         3
 Lightning Bolt           Conj/Air       8%           32%         5


Dungeon Overview and Level Annotations

Branches:
Dungeon (5/15)
 Temple: D:4-7

Altars:
Okawaru

Annotations:
D:5 Pikel


Innate Abilities, Weirdness & Mutations

You cannot wear most types of armour.
You are very stealthy in the water. (Stealth+)
You are amphibious.
You can wear up to eight rings at the same time.
You can use your tentacles to constrict eight enemies at once.
Your skin changes colour to match your surroundings (Stealth+).
Your rubbery body absorbs attacks. (AC +1, EV +1)


Message History

Casting: Static Discharge (dangerous; 4% risk of failure)
Confirm with . or Enter, or press ? or * to list all spells.
Pikel is struck by an arc of lightning.
Pikel is heavily wounded.
You are struck by an arc of lightning.
The lightning grounds out.
Pikel says, "Time is money, and you're costing me too much!"
Pikel hits you with a +1 whip of electrocution.
You are electrocuted!
* * * LOW HITPOINT WARNING * * *
Casting: Static Discharge (dangerous; 4% risk of failure)
Confirm with . or Enter, or press ? or * to list all spells.
Pikel is struck by an arc of lightning.
Pikel is severely wounded.
The lemure is struck by an arc of lightning.
The lemure is lightly wounded.
The lightning grounds out.
Pikel hits you with a +1 whip of electrocution!
* * * LOW HITPOINT WARNING * * *
You are electrocuted!!
You die...

........# #..........,,*
.######.# ##.....#########
## #...# #......# #....#
#####.########.....# #.##.#
#...).#...5........# #.##.#
#.#####.#######..#.# #.##.#
#.# #...# #.....5#.###.##.#
..###.#####.####K#.....#..#
....5.#.....##..@#######.##
#######.##..##.#<....# #.#
##.# #..<#...#.#####.###.#
...# #..######.# #.....#
##.# #..##.....# #######
#.# #..##.##### #.# #...#.#
#.#######.# #.........#


You could see Pikel and a lemure.

Vanquished Creatures
  Grinder (D:4)
  Eustachio (D:4)
  A phantom (D:4)
  3 lemures (D:5)
  2 howler monkeys (D:5)
  A centaur zombie (D:5)
  A hound (D:4)
  A bullfrog skeleton (D:3)
  Natasha (twice) (D:4)
  An iguana (D:5)
  2 orc wizards (D:3)
  A worker ant (D:5)
  4 adders
  2 gnolls (D:4)
  A shadow imp (D:5)
  2 oozes
  3 worms
  A dart slug (D:1)
  11 orcs
  2 ball pythons
  11 goblins
  15 hobgoblins
  2 quokkas
  4 bats
  3 frilled lizards
  A jackal skeleton (D:4)
  23 kobolds
  A leopard gecko skeleton (D:4)
  6 rats
109 creatures vanquished.

Vanquished Creatures (others)
  3 plants (D:4)
3 creatures vanquished.

Grand Total: 112 creatures vanquished

Notes
Turn   | Place    | Note
-------+----------+-------------------------------------------
     0 | D:1      | swilekon the Octopode Air Elementalist began the quest for
                  | the Orb.
     0 | D:1      | Reached XP level 1. HP: 11/11 MP: 3/3
   271 | D:1      | Reached XP level 2. HP: 17/17 MP: 0/5
   980 | D:2      | Reached XP level 3. HP: 21/21 MP: 1/6
  1626 | D:2      | Found a faded altar of an unknown god.
  2041 | D:3      | Reached XP level 4. HP: 26/27 MP: 2/8
  2362 | D:3      | Learned a level 4 spell: Airstrike
  2606 | D:3      | Reached XP level 5. HP: 31/31 MP: 0/9
  3461 | D:4      | Noticed Eustachio
  3498 | D:4      | Noticed Grinder
  3669 | D:4      | Reached skill level 1 in Fighting
  3805 | D:4      | Learned a level 3 spell: Static Discharge
  3915 | D:4      | Noticed Natasha
  3916 | D:4      | Reached XP level 6. HP: 36/38 MP: 0/11
  4133 | D:4      | Noticed a phantom
  4225 | D:4      | Killed a phantom
  4432 | D:4      | Paralysed by Grinder for 5 turns
  4446 | D:5      | Entered Level 5 of the Dungeon
  4474 | D:5      | Found an iron altar of Okawaru.
  4500 | D:5      | HP: 1/39 [iguana (6)]
  4799 | D:5      | Reached XP level 7. HP: 44/44 MP: 6/13
  5358 | D:4      | Killed Eustachio
  5506 | D:4      | Killed Natasha
  5507 | D:4      | Reached skill level 5 in Stealth
  5576 | D:4      | Killed Grinder
  5577 | D:4      | Reached skill level 5 in Air Magic
  5723 | D:4      | Noticed Natasha
  5727 | D:4      | Killed Natasha
  5728 | D:4      | Reached XP level 8. HP: 51/51 MP: 8/15
  5902 | D:5      | Noticed Pikel
  6310 | D:5      | Reached skill level 5 in Spellcasting
  6572 | D:5      | Mangled by Pikel

Illustrated notes

Levels and vault maps discovered:
D:1:      dpeg_arrival_fog, layout_rooms
D:2:      layout_basic, chequers_ecumenical_altar_simple_redux,
          serial_co_window_serial, co_window_paths_b, co_window_paths_a,
          co_window_paths_a, co_window_paths_b, co_window_corner_a,
          co_window_unsneaky_path_d, co_window_broadway_b, co_window_cross_4,
          co_window_broadway_a, glass_columns_b, glass_columns_b,
          glass_columns_a, glass_columns_a, glass_columns_c
D:3:      layout_loops_corners
D:4:      corexii_shantytown, layout_loops_ring, uniq_grinder, uniq_eustachio,
          uniq_natasha
D:5:      layout_basic, serial_park_tiny_1, okawaru_ov_weapons_minmay,
          uniq_pikel

Skill      XL: |  1  2  3  4  5  6  7  8 |
---------------+-------------------------+-----
Stealth        | 3 4 5 |  5.4
Spellcasting   | 3 4 5 |  5.0
Dodging        | 3 4 |  4.0
Fighting       | 1 2 |  2.6
Air Magic      | 4 5 |  5.4
Conjurations   | |  1.0

Action                   |  1- 3 |  4- 6 |  7- 9 || total
-------------------------+-------+-------+-------++-------
Melee: Dagger            |     5 |    30 |     5 ||    40
       Constrict         |     1 |     5 |     2 ||     8
       Tentacles         |     1 |     1 |     3 ||     5
 Cast: Shock             |    79 |   101 |    56 ||   236
       Airstrike         |       |     6 |       ||     6
       Static Discharge  |       |    12 |    27 ||    39
  Use: Scroll            |       |     5 |     3 ||     8
       Potion            |       |     5 |       ||     5
 Stab: Sleeping          |     3 |     6 |       ||     9
Dodge: Dodged            |     3 |    48 |    14 ||    65
Block: Other             |     1 |    13 |     7 ||    21
       Reflection        |     1 |     2 |     1 ||     4
